 Dungeon Crawl Stone Soup version 0.29.1-2-gbd0b4ee654 (webtiles) character file.

Game seed: 7482691922631277085

22 MrSixtyFour the Sneak (level 3, -1/19 HPs)
             Began as a Kobold Enchanter on Nov 25, 2022.
             Slain by an adder (3 damage)
             ... on level 1 of the Dungeon.
             The game lasted 00:05:34 (1296 turns).

MrSixtyFour the Sneak (Kobold Enchanter)            Turns: 1296, Time: 00:05:34

Health: -1/19      AC:  2    Str:  5    XL:     3   Next: 7%
Magic:  6/6        EV: 15    Int: 16    God:
Gold:   69         SH:  0    Dex: 17    Spells: 6/6 levels left

rFire   . . .      SeeInvis .   a - +1 dagger
rCold   . . .      Faith    .   (no shield)
rNeg    . . .      Spirit   .   b - +0 robe
rPois   .          Reflect  .   (no helmet)
rElec   .          Harm     .   (no cloak)
rCorr   .          Rampage  .   (no gloves)
Will    .....                   (no boots)
Stlth   ++++......              (no amulet)
HPRegen 0.06/turn               (no ring)
MPRegen 0.10/turn               (no ring)

@: no status effects
A: small, no large weapons, nightstalker 3
a: no special abilities


You were on level 1 of the Dungeon.
You visited 1 branch of the dungeon, and saw 2 of its levels.

You collected 69 gold pieces.

Inventory:

Hand Weapons
 a - a +1 dagger (weapon)
 i - a +0 sling
Armour
 b - a +0 robe (worn)
Jewellery
 g - a ring of ice
Scrolls
 d - 2 scrolls of identify {unknown}
 e - a scroll of vulnerability {unknown}
 f - a scroll of enchant armour {unknown}
 h - a scroll of summoning {unknown}
Potions
 c - 2 potions of invisibility
 j - a potion of berserk rage {unknown}


   Skills:
 + Level 0.1 Fighting
 + Level 1.9 Short Blades
 + Level 2.7 Dodging
 + Level 4.5 Stealth
 + Level 2.2 Spellcasting
 + Level 3.3 Hexes


You had 6 spell levels left.
You didn't know any spells.
Your spell library contained the following spells:

 Spells                   Type           Power      Damage    Failure   Level
 Ensorcelled Hibernation  Hex/Ice        14%        N/A       16%         2
 Confusing Touch          Hex            12%        N/A       16%         3
 Tukima's Dance           Hex            12%        N/A       16%         3
 Dazzling Flash           Conj/Hex       14%        N/A       30%         3


Dungeon Overview and Level Annotations

Branches:
Dungeon (2/15)

Altars:

Shops:
D:1 :   D:2 ([


Innate Abilities, Weirdness & Mutations

You are small and have problems with some larger weapons.
You are completely attuned to the shadows.


Message History

The kobold moves out of view.
You hit the adder.
The adder is heavily wounded.
The adder bites you.
You barely miss the adder.
The adder is heavily wounded.
The adder misses you.
You hit the adder.
The adder is heavily wounded.
The adder bites you.
You barely miss the adder.
The adder is heavily wounded.
The adder bites you.
You are poisoned.
The adder poisons you!
You feel sick. The adder misses you. The adder attacks as you move away!
The adder completely misses you.
You feel sick.
You feel sick.
You feel sick.
You are no longer poisoned.
The adder misses you. The adder attacks as you move away!
The adder closely misses you. The adder barely misses you.
The adder attacks as you move away! The adder barely misses you.
There is a stone staircase leading up here.
The adder barely misses you. The adder bites you.
* * * LOW HITPOINT WARNING * * *
You climb upwards.
There is a stone staircase leading down here.
The adder attacks as you move away! The adder misses you.
The adder closely misses you. The adder closely misses you.
The adder attacks as you move away! The adder closely misses you.
The adder bites you.
* * * LOW HITPOINT WARNING * * *
You closely miss the adder.
The adder is heavily wounded.
The adder bites you.
You die...

#.# #.....##.#. #.#
##...###.#.
#.###########.####...
#..................##
#############.######
#.# #.# ##########.#
#@.........#
#S#######..# #.#####
#..# #.....###..#
#.###...)..##
#.#######...##
#............#
#.#######...######
#.# ##........


You could see an adder.

Vanquished Creatures
  2 endoplasms (D:1)
  A giant cockroach (D:1)
  5 goblins (D:1)
  2 hobgoblins
  3 jackals (D:1)
  A kobold (D:1)
  A quokka (D:1)
  A bat (D:1)
  3 rats (D:1)
19 creatures vanquished.

Notes
Turn   | Place    | Note
-------+----------+-------------------------------------------
     0 | D:1      | MrSixtyFour the Kobold Enchanter began the quest for the
                  | Orb.
     0 | D:1      | Reached XP level 1. HP: 10/10 MP: 3/3
   183 | D:1      | Found Idimyng's Book Shop.
   316 | D:1      | Reached XP level 2. HP: 15/15 MP: 5/5
   647 | D:1      | Reached XP level 3. HP: 15/19 MP: 6/6
  1236 | D:2      | Found Xoiruamn's Weapon Emporium.
  1247 | D:2      | Found Xigatov's Armour Emporium.
  1296 | D:1      | Slain by an adder

Illustrated notes

Levels and vault maps discovered:
D:1:      erik_arrival_blinker_ship, layout_loops_corners, serial_shops,
          nicolae_diamond_shop, nicolae_kite_square_tiling_tiny, feat_on_display
D:2:      layout_basic, basic_altar, serial_shops, shop, shop,
          nicolae_shop_hallway_plus, shop, nicolae_shop_stone,
          minmay_hexomino_c4

Action                   || total
-------------------------++-------
Melee: Dagger            ||    31
 Stab: Sleeping          ||    13
Armor: Robe              ||     1
Dodge: Dodged            ||    20
